 Dungeon Crawl Stone Soup version 0.30-a0-263-ge22c4ad894 (webtiles) character file.

Game seed: 5088043461049311292

232 jlumianski the Chopper (level 5, -10/39 HPs)
             Began as a Demonspawn Gladiator on Oct 13, 2022.
             Mangled by an ogre
             ... wielding a +0 giant club
              (23 damage)
             ... on level 4 of the Dungeon.
             The game lasted 00:09:38 (2020 turns).

jlumianski the Chopper (Demonspawn Gladiator)       Turns: 2020, Time: 00:09:39

Health: -10/39     AC: 17    Str: 17    XL:     5   Next: 73%
Magic:  5/5        EV:  5    Int:  9    God:
Gold:   133        SH:  4    Dex: 14    Spells: 4/4 levels left

rFire   . . .      SeeInvis .    a - +0 war axe
rCold   . . .      Faith    .    (no shield)
rNeg    . . .      Spirit   .    r - +0 plate armour
rPois   .          Reflect  .    c - +0 helmet
rElec   .          Harm     .    (no cloak)
rCorr   .          Rampage  .    (no gloves)
Will    +....                    (no boots)
Stlth   ..........               (no amulet)
HPRegen 0.26/turn                m - ring of willpower
MPRegen 0.09/turn                (no ring)

@: sanguine armoured
A: spiny 1, sanguine armour 1, condensation shield
a: no special abilities


You were on level 4 of the Dungeon.
You visited 1 branch of the dungeon, and saw 4 of its levels.

You collected 133 gold pieces.

Inventory:

Hand Weapons
 a - a +0 war axe (weapon)
 t - a +1 flail of protection
Missiles
 d - 2 throwing nets (quivered)
 e - a javelin
Armour
 b - a +0 leather armour
 c - a +0 helmet (worn)
 r - a +0 plate armour (worn)
Magical Staves
 h - a staff of cold
Jewellery
 m - a ring of willpower (left hand)
Wands
 l - a wand of mindburst (5)
Scrolls
 f - a scroll of fear
 n - a scroll of teleportation
 q - a scroll of amnesia
 s - a scroll of blinking
Potions
 g - a potion of brilliance
 i - a potion of flight
 j - a potion of might
 k - a potion of curing {unknown}
 o - a potion of ambrosia
 p - a potion of degeneration {unknown}


   Skills:
 + Level 2.6 Fighting
 + Level 5.0 Axes
 + Level 1.8 Throwing
 + Level 1.1 Armour
 + Level 3.2 Dodging
 + Level 0.5 Stealth
 + Level 0.3 Shields


You had 4 spell levels left.
You didn't know any spells.
Your spell library contained the following spells:

 Spells                   Type           Power      Damage    Failure   Level
 Foxfire                  Conj/Fire      0%         2x1d4     100%        1
 Magic Dart               Conj           0%         1d3       100%        1
 Call Imp                 Summ           0%         N/A       100%        2
 Mephitic Cloud           Conj/Pois/Air  0%         N/A       100%        3
 Summon Guardian Golem    Hex/Summ       0%         N/A       100%        3
 Fireball                 Conj/Fire      0%         3d3       100%        5
 Starburst                Conj/Fire      0%         6d3       100%        6
 Orb of Destruction       Conj           0%         9d5       100%        7
 Spellforged Servitor     Conj/Summ      0%         N/A       100%        7


Dungeon Overview and Level Annotations

Branches:
Dungeon (3/15)

Altars:
Ru


Innate Abilities, Weirdness & Mutations

You are partially covered in sharp spines.
When seriously injured, your blood forms armour. (AC +6)
A meltable shield of frost defends you. (SH +4)


Message History

Edmund is severely wounded.
Edmund hits you with a +1 flail of protection!
You slash Edmund!
Edmund is almost dead.
Edmund hits you with a +1 flail of protection.
Your blood congeals into armour.
You slash Edmund!
You kill Edmund!
Your Axes skill increases to level 5!
Your Armour skill increases to level 1!
You have reached level 5!
Your demonic ancestry asserts itself...
Sharp spines emerge from parts of your body.
You barely miss the endoplasm.
The endoplasm hits you but does no damage.
You slash the endoplasm!
You kill the endoplasm!
Your blood armour dries and flakes away.
Things that are here:
a +1 flail of protection; a +0 leather armour; the human corpse of Edmund
t - a +1 flail of protection You feel a little less mighty now.
You hear the slow hiss of a very distant avalanche of sand.
HP restored.
Found a sacrificial altar of Ru.
Found 8 stones.
An ogre comes into view. It is wielding a +0 giant club.
Found 9 gold pieces.
The ogre shouts!
The ogre is struck by your spines. The ogre hits you with a +0 giant club.
You hit the ogre.
The ogre is moderately wounded.
The ogre hits you with a +0 giant club!!
Ouch! That really hurt!
Your blood congeals into armour.
You barely miss the ogre.
The ogre is lightly wounded.
The ogre is struck by your spines.
The ogre hits you with a +0 giant club!!
Ouch! That really hurt!
You die...

##.###..# ........
.### .......# #....#
.......# #...#..## #
.......###...##..##.#
.........#.........$#
...........# #.#
.....).[...#####O####
.......#...##...@...#
.......##.###.##.##.#
#########..##.#...#.#
#......._....
#..##.#...#.#
.....##.##.##.#
..#######(..... #
####.### #.#


You could see an ogre.

Vanquished Creatures
  Edmund (D:4)
  Ijyb (D:3)
  2 adders (D:2)
  A worm (D:3)
  A dart slug (D:2)
  A ball python (D:1)
  7 endoplasms
  4 giant cockroaches
  5 goblins
  8 hobgoblins
  6 quokkas
  3 bats
  2 frilled lizards
  5 kobolds
  8 rats
55 creatures vanquished.

Notes
Turn   | Place    | Note
-------+----------+-------------------------------------------
     0 | D:1      | jlumianski the Demonspawn Gladiator began the quest for the
                  | Orb.
     0 | D:1      | Reached XP level 1. HP: 16/16 MP: 1/1
    93 | D:2      | Reached skill level 3 in Axes
   264 | D:2      | Gained mutation: A meltable shield of frost defends you.
                  | (SH +4) [demonic ancestry]
   264 | D:2      | Reached XP level 2. HP: 4/22 MP: 2/2
   551 | D:2      | Reached XP level 3. HP: 20/27 MP: 3/3
  1508 | D:2      | Gained mutation: When seriously injured, your blood forms
                  | armour. (AC +6) [demonic ancestry]
  1508 | D:2      | Reached XP level 4. HP: 33/33 MP: 4/4
  1700 | D:3      | Noticed Ijyb
  1734 | D:3      | Killed Ijyb
  1735 | D:3      | Reached skill level 4 in Axes
  1933 | D:3      | You fall into a shaft and drop 1 floor!
  1941 | D:4      | Noticed Edmund
  1951 | D:4      | Killed Edmund
  1952 | D:4      | Reached skill level 5 in Axes
  1952 | D:4      | Reached skill level 1 in Armour
  1952 | D:4      | Gained mutation: You are partially covered in sharp spines.
                  | [demonic ancestry]
  1952 | D:4      | Reached XP level 5. HP: 26/39 MP: 5/5
  2002 | D:4      | Found a sacrificial altar of Ru.
  2014 | D:4      | Noticed an ogre
  2020 | D:4      | Mangled by an ogre

Illustrated notes

Levels and vault maps discovered:
D:1:      minmay_arrival_diagonal_passages, layout_rooms
D:2:      layout_loops_ring
D:3:      layout_rooms, grunt_ministairs_15, minmay_starry_boxes, uniq_ijyb
D:4:      layout_rooms, nicolae_overflow_crystal_walls,
          nicolae_ossuary_entry_monument, uniq_duvessa, uniq_grinder,
          uniq_edmund

Skill      XL: |  1  2  3  4 |
---------------+-------------+-----
Axes           | 3 5 |  5.0
Dodging        | 3 |  3.2
Armour         | 1 |  1.1
Fighting       | |  2.6
Throwing       | |  1.8
Stealth        | |  0.5
Shields        | |  0.3

Action                   |  1- 3 |  4- 6 || total
-------------------------+-------+-------++-------
Melee: War axe           |   110 |    54 ||   164
Throw: Throwing net      |       |     1 ||     1
  Use: Potion            |     1 |     2 ||     3
       Scroll            |       |     9 ||     9
 Stab: Held in net/web   |       |     2 ||     2
Armor: Leather armour    |    35 |       ||    35
       Plate armour      |     2 |    23 ||    25
Dodge: Dodged            |    81 |     8 ||    89
Block: Other             |    27 |     2 ||    29

Table legend: (Time is in decaauts)
 A = Elapsed time spent in this place.
 B = Non-inter-level travel time spent in this place.
 C = Inter-level travel time spent in this place.
 D = Time resting spent in this place.
 E = Time spent auto-exploring this place.
 F = Levels seen in this place.
 G = Mean time per level.
                   A        B        C        D        E       F      G
               +--------+--------+--------+--------+--------+-----+--------+
         Total |   2075 |   2012 |     63 |    249 |    770 |   4 |  518.8 |
       Dungeon |   2075 |   2012 |     63 |    249 |    770 |   4 |  518.8 |
               +--------+--------+--------+--------+--------+-----+--------+

Top non-repeatable levels by time:
     D:2: 1121 daAuts
     D:1: 490 daAuts
     D:3: 373 daAuts
     D:4: 89 daAuts
